Phantoms vs Rocket
Created - March 13, 2023 at 22:16
Goals
|
| Phantoms |
2 |
2 |
1 |
5 |
| Rocket |
0 |
5 |
2 |
7 |
|
Shots
|
| Phantoms |
12 |
8 |
14 |
34 |
| Rocket |
7 |
20 |
14 |
41 |
|
1st period
1. Phantoms , Sven Andrighetto 17 (Morgan Klimchuk 24, Joe Snively 25) at 9:56
2. Phantoms , Michael Bournival 30 (Nick Shore 36) at 16:22
Penalties :
Viktor Loov (Lav) for High sticking (Minor) at 4:38, Devon Teows (Leh) for Holding (Minor) at 7:25
2nd period
3. Phantoms , Cristoval Nieves 18 (Mikko Lehtonen 1, Joe Snively 26) at 2:44
4. Rocket , Adrian Kempe 46 (Adam Fox 22, Danton Heinen 52) at 6:09
5. Rocket , Adrian Kempe 47 (Danton Heinen 53, Corey Trivino 44) at 6:19
6. Rocket , Adam Fox 7 (Jiri Sekac 13) at 7:14
7. Rocket , Adrian Kempe 48 (Viktor Loov 24, Danton Heinen 54) at 9:32 (PP)
8. Rocket , Brandon Pirri 27 (Scott Wilson 31, Mason Appleton 2) at 11:45
9. Phantoms , Erik Nystrom 8 (Lucas Wallmarkk 23, Nick Sorensen 8) at 19:07
Penalties :
Reid McNeill (Leh) for Roughing (Minor) at 9:19, Karson Kuhlman (Lav) for Hooking (Minor) at 15:42
3rd period
10. Rocket , Mason Appleton 1 (Brandon Pirri 27, Scott Wilson 32) at 6:23
11. Phantoms , Morgan Klimchuk 17 (Cal Foote 9) at 17:11
12. Rocket , Karson Kuhlman 8 (Adam Fox 23, Andrei Mironov 18) at 18:02
Penalties :
Nick Shore (Leh) for Interference (Minor) at 3:17, Andrey Pedan (Lav) for Interference (Minor) at 18:14
Goalie Stats
Anton Forsberg (Leh), 18 saves from 23 shots - (0.783), 31:45 minutes
Zachary Fucale (Leh), 16 saves from 18 shots - (0.889), L, 4-7-1, 28:15 minutes
Igor Shesterkin (Lav), 29 saves from 34 shots - (0.853), W, 23-12-6, 60:00 minutes
Players Stats for Phantoms
Player Name G A P +/- PIM S H SB GA TA FO MP PP MP PK MP
------------------------------------------------------------------------------------
A.J. Greer 0 0 0 0 0 0 0 0 0 0 0/0 0:33 0:00 0:32
Alex DeBrincat 0 0 0 -2 0 2 2 1 3 0 0/2 23:42 3:11 2:45
Anthony Angello 0 0 0 0 0 0 0 0 0 0 0/0 0:58 0:00 0:57
Brendan Leipsic 0 0 0 0 0 1 0 0 0 0 0/0 6:58 0:00 0:00
Brenden Kichton 0 0 0 3 0 1 0 0 0 0 0/0 18:12 2:30 0:57
Brett Murray 0 0 0 0 0 0 0 0 0 0 0/0 0:00 0:00 0:00
Cal Foote 0 1 1 1 0 0 0 1 0 1 0/0 13:09 0:00 0:00
Cristoval Nieves 1 0 1 0 0 1 0 0 0 0 1/2 6:58 0:00 0:00
David Kampf 0 0 0 0 0 0 0 0 0 0 0/0 0:21 0:01 0:00
Devon Teows 0 0 0 -5 2 2 1 1 0 0 0/0 24:30 3:13 1:35
Erik Nystrom 1 0 1 1 0 3 0 0 0 0 0/1 11:43 0:00 0:00
JC Lipon 0 0 0 0 0 1 1 0 0 0 0/0 7:19 0:01 0:00
Joe Snively 0 2 2 0 0 2 1 0 1 1 6/11 15:45 2:31 0:00
Laurent Dauphin 0 0 0 0 0 0 0 0 0 0 0/0 0:21 0:01 0:00
Lucas Wallmarkk 0 1 1 1 0 3 0 0 0 0 4/9 11:43 0:00 0:00
Matt Kiersted 0 0 0 0 0 0 1 0 0 0 0/0 3:05 0:00 0:15
Michael Bournival 1 0 1 -2 0 5 0 0 1 1 7/13 23:42 3:11 2:45
Mikko Lehtonen 0 1 1 1 0 0 1 1 0 0 0/0 14:46 0:00 1:37
Morgan Klimchuk 1 1 2 0 0 3 5 0 1 0 0/1 15:45 2:31 0:00
Nick Shore 0 1 1 -2 2 3 2 1 1 0 20/38 21:30 3:11 0:29
Nick Sorensen 0 1 1 1 0 2 0 0 0 0 0/0 11:43 0:00 0:00
Reid McNeill 0 0 0 -5 2 1 4 2 0 1 0/0 28:25 3:13 3:01
Rinat Valiev 0 0 0 3 0 0 0 0 0 0 0/0 17:55 2:30 0:57
Sven Andrighetto 1 0 1 0 0 4 1 0 0 0 0/0 16:43 2:31 0:54
Players Stats for Rocket
Player Name G A P +/- PIM S H SB GA TA FO MP PP MP PK MP
------------------------------------------------------------------------------------
Adam Fox 1 2 3 3 0 3 2 2 0 0 0/0 26:00 2:54 0:00
Adrian Kempe 3 0 3 0 0 9 1 0 1 1 1/3 20:59 2:25 1:30
Andrei Mironov 0 1 1 1 0 3 1 1 1 0 0/0 24:23 1:17 3:02
Andrey Pedan 0 0 0 -3 2 2 0 0 0 1 0/0 17:14 0:00 2:14
Brandon Pirri 1 1 2 1 0 4 2 0 1 1 1/2 15:34 1:46 0:00
Corey Trivino 0 1 1 0 0 1 3 1 1 0 21/43 21:21 2:25 1:59
Danton Heinen 0 3 3 0 0 3 1 0 0 0 1/4 19:21 2:25 0:00
Dean Kukan 0 0 0 1 0 0 1 1 0 0 0/0 15:17 0:00 3:32
Dominic Turgeon 0 0 0 0 0 1 0 0 0 0 5/8 11:12 0:00 3:02
Dylan DeMelo 0 0 0 1 0 1 0 0 0 0 0/0 15:19 1:17 2:11
Jakub Vrana 0 0 0 0 0 2 1 0 0 0 0/0 8:10 0:00 0:00
Jiri Sekac 0 1 1 0 0 2 1 0 0 0 0/0 13:13 0:00 1:56
Karson Kuhlman 1 0 1 0 2 2 3 0 0 1 5/8 13:03 1:46 0:00
Kole Sherwood 0 0 0 0 0 0 0 0 0 0 0/0 14:17 0:00 2:59
Mason Appleton 1 1 2 1 0 3 2 0 0 2 5/9 13:41 0:00 0:00
Scott Wilson 0 2 2 1 0 3 1 0 0 0 0/0 15:28 1:46 0:00
Ty Rattie 0 0 0 0 0 1 1 0 0 0 0/0 8:10 0:00 0:00
Viktor Loov 0 1 1 -1 2 1 1 0 0 1 0/0 21:32 2:54 0:27
3 Stars
1 - Adrian Kempe (Lav)
2 - Adam Fox (Lav)
3 - Brandon Pirri (Lav)
Power Play
Phantoms - 0 on 3 Attempt(s) - 0.00%
Rocket - 1 on 3 Attempt(s) - 33.33%
Penalty Kill
Phantoms - 2 on 3 Attempt(s) - 66.67%
- Score 0 goal in Penalty Kill
Rocket - 3 on 3 Attempt(s) - 100.00%
- Score 0 goal in Penalty Kill
Team Stat
Phantoms - Hits : 19 - Faceoff Wins : 38 - Blocked Shots : 7 - Penalty Minutes : 6
Rocket - Hits : 21 - Faceoff Wins : 39 - Blocked Shots : 5 - Penalty Minutes : 6
Official
Referees : Brandon Blandina and Tim Peel
Linesman : Jesse Marquis and Trent Knorr
Game Notes
Adrian Kempe has scored a Hat Trick!
Zachary Fucale enters game at 11:45 of 2nd period
Finance
Level 1 -- Attendance: 1938 (96.90%) -- Ticket Income $67,830
Level 2 -- Attendance: 958 (95.80%) -- Ticket Income $14,370
Total Attendance: 2896 (96.53%)
Total Ticket Income: $82,200
Other Income: $4,110
Total Income: $86,310
Phantoms
5 vs 5 Forward
Center Left Wing Right Wing Time % Phy DF OF
1 Nick Shore Michael Bournival Alex DeBrincat 40 1 2 2
2 Joe Snively Morgan Klimchuk Sven Andrighetto 30 1 2 2
3 Lucas Wallmarkk Erik Nystrom Nick Sorensen 20 1 2 2
4 Cristoval Nieves Brendan Leipsic JC Lipon 10 1 2 2
5 vs 5 Defense
Defense Defense Time % Phy DF OF
1 Reid McNeill Devon Teows 40 1 2 2
2 Rinat Valiev Brenden Kichton 30 1 2 2
3 Cal Foote Mikko Lehtonen 20 1 2 2
4 Matt Kiersted Reid McNeill 10 1 2 2
PowerPlay Forward
Center Left Wing Right Wing Time % Phy DF OF
1 Nick Shore Michael Bournival Alex DeBrincat 60 1 2 2
2 Joe Snively Morgan Klimchuk Sven Andrighetto 40 1 2 2
PowerPlay Defense
Defense Defense Time % Phy DF OF
1 Reid McNeill Devon Teows 60 1 2 2
2 Rinat Valiev Brenden Kichton 40 1 2 2
Penalty Kill 4 Players Forward
Center Wing Time % Phy DF OF
1 Michael Bournival Alex DeBrincat 60 1 2 2
2 Sven Andrighetto Nick Shore 40 1 2 2
Penalty Kill 4 Players Defense
Defense Defense Time % Phy DF OF
1 Reid McNeill Devon Teows 60 1 2 2
2 Rinat Valiev Brenden Kichton 40 1 2 2
Penalty Kill - 3 Players Forward
Forward Time % Phy DF OF
1 Michael Bournival 60 1 2 2
2 Alex DeBrincat 40 1 2 2
Penalty Kill - 3 Players Defense
Defense Defense Time % Phy DF OF
1 Reid McNeill Devon Teows 60 1 2 2
2 Rinat Valiev Brenden Kichton 40 1 2 2
4 vs 4 Forward
Center Wing Time % Phy DF OF
1 Michael Bournival Alex DeBrincat 60 1 2 2
2 Sven Andrighetto Nick Shore 40 1 2 2
4 vs 4 Defense
Defense Defense Time % Phy DF OF
1 Reid McNeill Devon Teows 60 1 2 2
2 Rinat Valiev Brenden Kichton 40 1 2 2
Last Minutes Offensive
Center Left Wing Right Wing Defense Defense
Nick Shore Michael Bournival Alex DeBrincat Reid McNeill Devon Teows
Last Minutes Defensive
Center Left Wing Right Wing Defense Defense
Nick Shore Michael Bournival Alex DeBrincat Reid McNeill Devon Teows
Goaltenders
Starting : Anton Forsberg
Backup : Zachary Fucale
Extra Forwards
Normal : David Kampf, Laurent Dauphin, Anthony Angello - PP : David Kampf, Laurent Dauphin - PK : Anthony Angello
Extra Defensemen
Normal : Cal Foote, Mikko Lehtonen, Matt Kiersted - PP : Cal Foote - PK : Mikko Lehtonen, Matt Kiersted
Penalty Shots
Michael Bournival, Alex DeBrincat, Sven Andrighetto, Nick Shore, Morgan Klimchuk
Scratches
Blake Heinrich (Healthy), Cooper Marody (Healthy), Victor Berglund (Healthy), Fabian Zetterlund (Healthy), Riley Stillman (Healthy)
Jason Kasdorf (Healthy), Zachary Sawchenko (Healthy)
Rocket
5 vs 5 Forward
Center Left Wing Right Wing Time % Phy DF OF
1 Corey Trivino Adrian Kempe Danton Heinen 40 0 2 3
2 Mason Appleton Brandon Pirri Scott Wilson 30 0 2 3
3 Karson Kuhlman Jiri Sekac Kole Sherwood 20 0 2 3
4 Dominic Turgeon Jakub Vrana Ty Rattie 10 0 2 3
5 vs 5 Defense
Defense Defense Time % Phy DF OF
1 Adam Fox Andrei Mironov 40 0 1 4
2 Viktor Loov Andrey Pedan 30 0 2 3
3 Dylan DeMelo Dean Kukan 20 0 2 3
4 Adam Fox Viktor Loov 10 0 2 3
PowerPlay Forward
Center Left Wing Right Wing Time % Phy DF OF
1 Corey Trivino Adrian Kempe Danton Heinen 60 0 0 5
2 Karson Kuhlman Brandon Pirri Scott Wilson 40 0 0 5
PowerPlay Defense
Defense Defense Time % Phy DF OF
1 Viktor Loov Adam Fox 60 0 0 5
2 Andrei Mironov Dylan DeMelo 40 0 0 5
Penalty Kill 4 Players Forward
Center Wing Time % Phy DF OF
1 Dominic Turgeon Kole Sherwood 60 0 4 1
2 Corey Trivino Jiri Sekac 40 0 4 1
Penalty Kill 4 Players Defense
Defense Defense Time % Phy DF OF
1 Dean Kukan Andrey Pedan 60 0 5 0
2 Andrei Mironov Dylan DeMelo 40 0 5 0
Penalty Kill - 3 Players Forward
Forward Time % Phy DF OF
1 Karson Kuhlman 60 0 5 0
2 Dominic Turgeon 40 0 5 0
Penalty Kill - 3 Players Defense
Defense Defense Time % Phy DF OF
1 Viktor Loov Andrey Pedan 60 0 5 0
2 Andrei Mironov Dylan DeMelo 40 0 5 0
4 vs 4 Forward
Center Wing Time % Phy DF OF
1 Dominic Turgeon Danton Heinen 60 1 2 2
2 Mason Appleton Corey Trivino 40 1 2 2
4 vs 4 Defense
Defense Defense Time % Phy DF OF
1 Viktor Loov Adam Fox 60 1 2 2
2 Andrei Mironov Dylan DeMelo 40 1 2 2
Last Minutes Offensive
Center Left Wing Right Wing Defense Defense
Corey Trivino Adrian Kempe Danton Heinen Viktor Loov Andrey Pedan
Last Minutes Defensive
Center Left Wing Right Wing Defense Defense
Corey Trivino Adrian Kempe Danton Heinen Viktor Loov Andrey Pedan
Goaltenders
Starting : Igor Shesterkin
Backup : Eamon McAdam
Extra Forwards
Normal : Danton Heinen, Adrian Kempe, Brandon Pirri - PP : Danton Heinen, Brandon Pirri - PK : Jiri Sekac
Extra Defensemen
Normal : Adam Fox, Viktor Loov, Dylan DeMelo - PP : Adam Fox - PK : Andrey Pedan, Andrei Mironov
Penalty Shots
Adrian Kempe, Danton Heinen, Brandon Pirri, Corey Trivino, Scott Wilson
Scratches
Branden Troock (Healthy), Dalton Smith (Healthy), Daniel Sprong (Healthy), Reese Johnson (Healthy), Guillaume Brisebois (Healthy)
Jack Glover (Healthy), Peter Holland (Torn Left ACL Injury), Ryan Collins (Healthy), Sergey Tolchinsky (Healthy), Tyler Lewington (Healthy)
MacKenzie Entwistle (Healthy), Luke Kunin (Healthy), Mikhail Maltsev (Healthy)
% Time on Ice - Phantoms
Lines # - Real PCT - Wanted PCT - Time Play
Normal Forward
1 - 36% - 40% - 18:07
2 - 27% - 30% - 13:18
3 - 23% - 20% - 11:43
4 - 14% - 10% - 6:58
Normal Defense
1 - 40% - 40% - 19:55
2 - 29% - 30% - 14:28
3 - 26% - 20% - 13:09
4 - 5% - 10% - 2:34
PP Forward
1 - 56% - 60% - 3:12
2 - 44% - 40% - 2:31
PP Defense
1 - 56% - 60% - 3:13
2 - 44% - 40% - 2:30
PK Forward
1 - 78% - 60% - 3:17
2 - 22% - 40% - 0:54
PK Defense
1 - 77% - 60% - 3:14
2 - 23% - 40% - 0:57
PK3 Forward
1 - 0% - 60%
2 - 0% - 40%
PK3 Defense
1 - 0% - 60%
2 - 0% - 40%
44 Forward
1 - 0% - 60%
2 - 0% - 40%
44 Defense
1 - 0% - 60%
2 - 0% - 40%
Last Minute Offensive - 0:00
Last Minute Defensive - 0:00
Total
Forward - 60:00
Defense - 60:00
|
% Time on Ice - Rocket
Lines # - Real PCT - Wanted PCT - Time Play
Normal Forward
1 - 37% - 40% - 18:23
2 - 27% - 30% - 13:42
3 - 20% - 20% - 9:51
4 - 16% - 10% - 8:10
Normal Defense
1 - 41% - 40% - 20:42
2 - 30% - 30% - 15:11
3 - 23% - 20% - 11:31
4 - 5% - 10% - 2:42
PP Forward
1 - 58% - 60% - 2:25
2 - 42% - 40% - 1:46
PP Defense
1 - 69% - 60% - 2:54
2 - 31% - 40% - 1:17
PK Forward
1 - 82% - 60% - 4:42
2 - 18% - 40% - 1:01
PK Defense
1 - 70% - 60% - 3:59
2 - 30% - 40% - 1:44
PK3 Forward
1 - 0% - 60%
2 - 0% - 40%
PK3 Defense
1 - 0% - 60%
2 - 0% - 40%
44 Forward
1 - 0% - 60%
2 - 0% - 40%
44 Defense
1 - 0% - 60%
2 - 0% - 40%
Last Minute Offensive - 0:00
Last Minute Defensive - 0:00
Total
Forward - 60:00
Defense - 60:00
|
Play-by-Play
1st period
0:01 of 1st period - Corey Trivino wins face-off versus Nick Shore in neutral zone.
0:25 of 1st period - Devon Teows is hit by Brandon Pirri and loses puck.
0:32 of 1st period - Wrist shot by Sven Andrighetto.
0:32 of 1st period - Shot Misses the Net.
0:34 of 1st period - Slapshot by Rinat Valiev.
0:34 of 1st period - Deflect By Sven Andrighetto.
0:34 of 1st period - Shot Blocked by Adam Fox.
0:34 of 1st period - Puck is out of play.
0:35 of 1st period - Lucas Wallmarkk wins face-off versus Karson Kuhlman in Rocket zone.
0:44 of 1st period - Snap shot by Lucas Wallmarkk.
0:44 of 1st period - Deflect By Viktor Loov.
0:44 of 1st period - Shot Misses the Net.
0:44 of 1st period - Puck is out of play.
0:45 of 1st period - Karson Kuhlman wins face-off versus Lucas Wallmarkk in Rocket zone.
1:24 of 1st period - Snap shot by Nick Sorensen.
1:24 of 1st period - Stopped by Igor Shesterkin without a rebound.
1:25 of 1st period - Mason Appleton wins face-off versus Michael Bournival in Rocket zone.
2:37 of 1st period - Snap shot by Lucas Wallmarkk.
2:37 of 1st period - Shot Misses the Net.
2:39 of 1st period - Backhand shot by Rinat Valiev.
2:39 of 1st period - Shot Misses the Net.
2:45 of 1st period - Wrist shot by Nick Sorensen.
2:45 of 1st period - Stopped by Igor Shesterkin without a rebound.
2:46 of 1st period - Nick Shore wins face-off versus Corey Trivino in Rocket zone.
2:51 of 1st period - Wrist shot by Michael Bournival.
2:51 of 1st period - Deflect By Adrian Kempe.
2:51 of 1st period - Shot Misses the Net.
2:51 of 1st period - Puck is out of play.
2:52 of 1st period - Corey Trivino wins face-off versus Nick Shore in Rocket zone.
4:15 of 1st period - Icing by Adam Fox.
4:16 of 1st period - Lucas Wallmarkk wins face-off versus Karson Kuhlman in Rocket zone.
4:38 of 1st period - Minor Penalty to Viktor Loov for High sticking.
4:39 of 1st period - Dominic Turgeon wins face-off versus Nick Shore in Rocket zone.
4:39 of 1st period - Dominic Turgeon is hit by Nick Shore.
5:05 of 1st period - Andrey Pedan is hit by Morgan Klimchuk and loses puck.
5:10 of 1st period - Snap shot by Joe Snively.
5:10 of 1st period - Stopped by Igor Shesterkin without a rebound.
5:11 of 1st period - Corey Trivino wins face-off versus Nick Shore in Rocket zone.
6:38 of 1st period - Penalty to Viktor Loov is over, Viktor Loov is back on ice.
6:54 of 1st period - Icing by Brandon Pirri.
6:55 of 1st period - Cristoval Nieves wins face-off versus Mason Appleton in Rocket zone.
7:12 of 1st period - Slapshot by Scott Wilson.
7:12 of 1st period - Stopped by Anton Forsberg with a rebound.
7:22 of 1st period - Slapshot by Mason Appleton.
7:22 of 1st period - Stopped by Anton Forsberg without a rebound.
7:23 of 1st period - Nick Shore wins face-off versus Corey Trivino in Phantoms zone.
7:25 of 1st period - Minor Penalty to Devon Teows for Holding.
7:26 of 1st period - Michael Bournival wins face-off versus Corey Trivino in Phantoms zone.
7:34 of 1st period - Off-side.
7:35 of 1st period - Corey Trivino wins face-off versus Michael Bournival in neutral zone.
8:00 of 1st period - Off-side.
8:01 of 1st period - Brandon Pirri wins face-off versus Michael Bournival in neutral zone.
8:14 of 1st period - Snap shot by Brandon Pirri.
8:14 of 1st period - Stopped by Anton Forsberg without a rebound.
8:15 of 1st period - Michael Bournival wins face-off versus Adrian Kempe in Phantoms zone.
8:15 of 1st period - Michael Bournival is hit by Adrian Kempe.
8:36 of 1st period - Viktor Loov is hit by Reid McNeill.
9:19 of 1st period - Brandon Pirri is hit by Matt Kiersted and loses puck.
9:25 of 1st period - Penalty to Devon Teows is over, Devon Teows is back on ice.
9:40 of 1st period - Slapshot by Nick Sorensen.
9:40 of 1st period - Deflect By Erik Nystrom.
9:40 of 1st period - Shot Misses the Net.
9:40 of 1st period - Puck is out of play.
9:41 of 1st period - Joe Snively wins face-off versus Corey Trivino in Rocket zone.
9:42 of 1st period - Slapshot by Sven Andrighetto.
9:42 of 1st period - Stopped by Igor Shesterkin with a rebound.
9:52 of 1st period - Snap shot by Sven Andrighetto.
9:52 of 1st period - Stopped by Igor Shesterkin with a rebound.
9:54 of 1st period - Snap shot by Morgan Klimchuk.
9:54 of 1st period - Shot Misses the Net.
9:56 of 1st period - Wrist shot by Sven Andrighetto.
9:56 of 1st period - Goal by Sven Andrighetto - Phantoms : 1 - Rocket : 0.
9:57 of 1st period - Michael Bournival wins face-off versus Corey Trivino in neutral zone.
10:31 of 1st period - Snap shot by Joe Snively.
10:31 of 1st period - Deflect By Sven Andrighetto.
10:31 of 1st period - Stopped by Igor Shesterkin with a rebound.
10:47 of 1st period - Snap shot by Kole Sherwood.
10:47 of 1st period - Shot Misses the Net.
11:07 of 1st period - Michael Bournival is hit by Ty Rattie and loses puck.
12:46 of 1st period - Wrist shot by Adrian Kempe.
12:46 of 1st period - Stopped by Anton Forsberg without a rebound.
12:47 of 1st period - Nick Shore wins face-off versus Corey Trivino in Phantoms zone.
13:45 of 1st period - Wrist shot by Brandon Pirri.
13:45 of 1st period - Stopped by Anton Forsberg without a rebound.
13:46 of 1st period - Nick Shore wins face-off versus Mason Appleton in Phantoms zone.
13:55 of 1st period - Snap shot by Brandon Pirri.
13:55 of 1st period - Shot Misses the Net.
14:01 of 1st period - Wrist shot by Brandon Pirri.
14:01 of 1st period - Stopped by Anton Forsberg without a rebound.
14:02 of 1st period - Joe Snively wins face-off versus Karson Kuhlman in Phantoms zone.
14:11 of 1st period - Snap shot by Jiri Sekac.
14:11 of 1st period - Shot Misses the Net.
14:29 of 1st period - Michael Bournival is hit by Mason Appleton and loses puck.
14:40 of 1st period - Wrist shot by Scott Wilson.
14:40 of 1st period - Stopped by Anton Forsberg with a rebound.
16:07 of 1st period - Wrist shot by Alex DeBrincat.
16:07 of 1st period - Stopped by Igor Shesterkin without a rebound.
16:08 of 1st period - Nick Shore wins face-off versus Corey Trivino in Rocket zone.
16:14 of 1st period - Off-side.
16:15 of 1st period - Nick Shore wins face-off versus Corey Trivino in neutral zone.
16:22 of 1st period - Wrist shot by Michael Bournival.
16:22 of 1st period - Goal by Michael Bournival - Phantoms : 2 - Rocket : 0.
16:23 of 1st period - Nick Shore wins face-off versus Corey Trivino in neutral zone.
16:28 of 1st period - Andrei Mironov is hit by Nick Shore and loses puck.
16:55 of 1st period - Icing by Morgan Klimchuk.
16:56 of 1st period - Joe Snively wins face-off versus Brandon Pirri in Phantoms zone.
17:47 of 1st period - Snap shot by Erik Nystrom.
17:47 of 1st period - Stopped by Igor Shesterkin without a rebound.
17:48 of 1st period - Mason Appleton wins face-off versus Lucas Wallmarkk in Rocket zone.
17:57 of 1st period - Slapshot by Lucas Wallmarkk.
17:57 of 1st period - Shot Misses the Net.
17:59 of 1st period - Slapshot by Devon Teows.
17:59 of 1st period - Stopped by Igor Shesterkin without a rebound.
18:00 of 1st period - Nick Shore wins face-off versus Corey Trivino in Rocket zone.
18:05 of 1st period - Slapshot by Nick Shore.
18:05 of 1st period - Stopped by Igor Shesterkin without a rebound.
18:06 of 1st period - Corey Trivino wins face-off versus Nick Shore in Rocket zone.
18:39 of 1st period - Mason Appleton is hit by Sven Andrighetto.
19:01 of 1st period - Mikko Lehtonen is hit by Karson Kuhlman and loses puck.
Goals for this period are 2 for Phantoms vs 0 for Rocket.
Shots for this period are 12 for Phantoms vs 7 for Rocket.
2nd period
0:01 of 2nd period - Corey Trivino wins face-off versus Nick Shore in neutral zone.
0:03 of 2nd period - Off-side.
0:04 of 2nd period - Michael Bournival wins face-off versus Corey Trivino in neutral zone.
0:19 of 2nd period - Wrist shot by Adrian Kempe.
0:19 of 2nd period - Deflect By Danton Heinen.
0:19 of 2nd period - Stopped by Anton Forsberg without a rebound.
0:20 of 2nd period - Joe Snively wins face-off versus Mason Appleton in Phantoms zone.
0:20 of 2nd period - Joe Snively is hit by Mason Appleton.
1:00 of 2nd period - Snap shot by Alex DeBrincat.
1:00 of 2nd period - Shot Misses the Net.
1:24 of 2nd period - Brenden Kichton is hit by Jiri Sekac and loses puck.
2:19 of 2nd period - Andrey Pedan is hit by Morgan Klimchuk and loses puck.
2:44 of 2nd period - Slapshot by Cristoval Nieves.
2:44 of 2nd period - Goal by Cristoval Nieves - Phantoms : 3 - Rocket : 0.
2:45 of 2nd period - Nick Shore wins face-off versus Corey Trivino in neutral zone.
3:12 of 2nd period - Scott Wilson is hit by Morgan Klimchuk and loses puck.
3:39 of 2nd period - Slapshot by Viktor Loov.
3:39 of 2nd period - Stopped by Anton Forsberg with a rebound.
3:41 of 2nd period - Slapshot by Andrey Pedan.
3:41 of 2nd period - Stopped by Anton Forsberg with a rebound.
4:21 of 2nd period - Nick Shore is hit by Corey Trivino and loses puck.
5:01 of 2nd period - Wrist shot by Lucas Wallmarkk.
5:01 of 2nd period - Shot Blocked by Adam Fox.
5:03 of 2nd period - Snap shot by Erik Nystrom.
5:03 of 2nd period - Deflect By Lucas Wallmarkk.
5:03 of 2nd period - Shot Misses the Net.
5:03 of 2nd period - Puck is out of play.
5:04 of 2nd period - Lucas Wallmarkk wins face-off versus Corey Trivino in Rocket zone.
5:15 of 2nd period - Slapshot by Nick Sorensen.
5:15 of 2nd period - Deflect By Erik Nystrom.
5:15 of 2nd period - Stopped by Igor Shesterkin with a rebound.
5:38 of 2nd period - Wrist shot by Karson Kuhlman.
5:38 of 2nd period - Stopped by Anton Forsberg without a rebound.
5:39 of 2nd period - Corey Trivino wins face-off versus Nick Shore in Phantoms zone.
5:42 of 2nd period - Slapshot by Danton Heinen.
5:42 of 2nd period - Shot Misses the Net.
5:44 of 2nd period - Snap shot by Corey Trivino.
5:44 of 2nd period - Deflect By Adrian Kempe.
5:44 of 2nd period - Shot Misses the Net.
5:44 of 2nd period - Puck is out of play.
5:45 of 2nd period - Nick Shore wins face-off versus Corey Trivino in Phantoms zone.
6:02 of 2nd period - Nick Shore is hit by Danton Heinen and loses puck.
6:07 of 2nd period - Wrist shot by Danton Heinen.
6:07 of 2nd period - Stopped by Anton Forsberg with a rebound.
6:09 of 2nd period - Slapshot by Adam Fox.
6:09 of 2nd period - Deflect By Adrian Kempe.
6:09 of 2nd period - Goal by Adrian Kempe - Phantoms : 3 - Rocket : 1.
6:10 of 2nd period - Corey Trivino wins face-off versus Nick Shore in neutral zone.
6:19 of 2nd period - Snap shot by Adrian Kempe.
6:19 of 2nd period - Goal by Adrian Kempe - Phantoms : 3 - Rocket : 2.
6:20 of 2nd period - Corey Trivino wins face-off versus Alex DeBrincat in neutral zone.
6:25 of 2nd period - Slapshot by Viktor Loov.
6:25 of 2nd period - Shot Misses the Net.
6:45 of 2nd period - Brandon Pirri is hit by Reid McNeill and loses puck.
7:14 of 2nd period - Snap shot by Adam Fox.
7:14 of 2nd period - Deflect By Mikko Lehtonen.
7:14 of 2nd period - Goal by Adam Fox - Phantoms : 3 - Rocket : 3.
7:15 of 2nd period - Nick Shore wins face-off versus Danton Heinen in neutral zone.
7:30 of 2nd period - Wrist shot by Michael Bournival.
7:30 of 2nd period - Stopped by Igor Shesterkin without a rebound.
7:31 of 2nd period - Mason Appleton wins face-off versus Joe Snively in Rocket zone.
7:31 of 2nd period - Mason Appleton is hit by Morgan Klimchuk.
7:57 of 2nd period - Adrian Kempe is hit by Alex DeBrincat and loses puck.
8:06 of 2nd period - Alex DeBrincat is hit by Adam Fox and loses puck.
8:35 of 2nd period - Erik Nystrom is hit by Karson Kuhlman and loses puck.
8:43 of 2nd period - Icing by Erik Nystrom.
8:44 of 2nd period - Lucas Wallmarkk wins face-off versus Dominic Turgeon in Phantoms zone.
8:55 of 2nd period - Brenden Kichton is hit by Jakub Vrana and loses puck.
9:11 of 2nd period - Icing by Morgan Klimchuk.
9:12 of 2nd period - Danton Heinen wins face-off versus Joe Snively in Phantoms zone.
9:13 of 2nd period - Snap shot by Adrian Kempe.
9:13 of 2nd period - Stopped by Anton Forsberg without a rebound.
9:14 of 2nd period - Corey Trivino wins face-off versus Joe Snively in Phantoms zone.
9:15 of 2nd period - Snap shot by Adrian Kempe.
9:15 of 2nd period - Stopped by Anton Forsberg without a rebound.
9:16 of 2nd period - Joe Snively wins face-off versus Danton Heinen in Phantoms zone.
9:16 of 2nd period - Joe Snively is hit by Dean Kukan.
9:19 of 2nd period - Minor Penalty to Reid McNeill for Roughing.
9:20 of 2nd period - Corey Trivino wins face-off versus Michael Bournival in Phantoms zone.
9:24 of 2nd period - Slapshot by Adrian Kempe.
9:24 of 2nd period - Shot Blocked by Devon Teows.
9:30 of 2nd period - Snap shot by Adrian Kempe.
9:30 of 2nd period - Shot Misses the Net.
9:32 of 2nd period - Slapshot by Adrian Kempe.
9:32 of 2nd period - Goal by Adrian Kempe - Phantoms : 3 - Rocket : 4.
9:33 of 2nd period - Nick Shore wins face-off versus Adrian Kempe in neutral zone.
9:36 of 2nd period - Slapshot by Reid McNeill.
9:36 of 2nd period - Deflect By Corey Trivino.
9:36 of 2nd period - Stopped by Igor Shesterkin with a rebound.
10:20 of 2nd period - Off-side.
10:21 of 2nd period - Dominic Turgeon wins face-off versus Cristoval Nieves in neutral zone.
10:32 of 2nd period - Snap shot by Brendan Leipsic.
10:32 of 2nd period - Stopped by Igor Shesterkin with a rebound.
10:44 of 2nd period - Rinat Valiev is hit by Andrei Mironov and loses puck.
11:07 of 2nd period - Slapshot by Ty Rattie.
11:07 of 2nd period - Stopped by Anton Forsberg with a rebound.
11:09 of 2nd period - Wrist shot by Dylan DeMelo.
11:09 of 2nd period - Deflect By Cristoval Nieves.
11:09 of 2nd period - Stopped by Anton Forsberg without a rebound.
11:10 of 2nd period - Corey Trivino wins face-off versus Alex DeBrincat in Phantoms zone.
11:15 of 2nd period - Wrist shot by Adrian Kempe.
11:15 of 2nd period - Stopped by Anton Forsberg without a rebound.
11:16 of 2nd period - Nick Shore wins face-off versus Danton Heinen in Phantoms zone.
11:41 of 2nd period - Snap shot by Scott Wilson.
11:41 of 2nd period - Stopped by Anton Forsberg with a rebound.
11:43 of 2nd period - Snap shot by Scott Wilson.
11:43 of 2nd period - Shot Misses the Net.
11:45 of 2nd period - Slapshot by Brandon Pirri.
11:45 of 2nd period - Goal by Brandon Pirri - Phantoms : 3 - Rocket : 5.
11:45 of 2nd period - Zachary Fucale enters game.
11:46 of 2nd period - Michael Bournival wins face-off versus Corey Trivino in neutral zone.
11:49 of 2nd period - Slapshot by Nick Shore.
11:49 of 2nd period - Stopped by Igor Shesterkin without a rebound.
11:50 of 2nd period - Corey Trivino wins face-off versus Nick Shore in Rocket zone.
12:03 of 2nd period - Wrist shot by Adrian Kempe.
12:03 of 2nd period - Shot Blocked by Alex DeBrincat.
12:05 of 2nd period - Slapshot by Andrei Mironov.
12:05 of 2nd period - Shot Misses the Net.
12:07 of 2nd period - Snap shot by Adam Fox.
12:07 of 2nd period - Deflect By Danton Heinen.
12:07 of 2nd period - Shot Blocked by Reid McNeill.
12:07 of 2nd period - Puck is out of play.
12:08 of 2nd period - Mason Appleton wins face-off versus Morgan Klimchuk in Phantoms zone.
12:21 of 2nd period - Snap shot by Scott Wilson.
12:21 of 2nd period - Shot Blocked by Reid McNeill.
12:23 of 2nd period - Snap shot by Mason Appleton.
12:23 of 2nd period - Shot Misses the Net.
13:17 of 2nd period - Dominic Turgeon is hit by Joe Snively.
13:58 of 2nd period - Snap shot by JC Lipon.
13:58 of 2nd period - Stopped by Igor Shesterkin with a rebound.
14:24 of 2nd period - Wrist shot by Brandon Pirri.
14:24 of 2nd period - Shot Misses the Net.
14:28 of 2nd period - Snap shot by Brandon Pirri.
14:28 of 2nd period - Shot Hit the Post.
14:30 of 2nd period - Wrist shot by Mason Appleton.
14:30 of 2nd period - Stopped by Zachary Fucale with a rebound.
14:32 of 2nd period - Slapshot by Andrei Mironov.
14:32 of 2nd period - Stopped by Zachary Fucale without a rebound.
14:33 of 2nd period - Corey Trivino wins face-off versus Nick Shore in Phantoms zone.
15:06 of 2nd period - Wrist shot by Lucas Wallmarkk.
15:06 of 2nd period - Shot Misses the Net.
15:13 of 2nd period - Icing by Michael Bournival.
15:14 of 2nd period - Nick Shore wins face-off versus Corey Trivino in Phantoms zone.
15:25 of 2nd period - Slapshot by Nick Shore.
15:25 of 2nd period - Shot Misses the Net.
15:39 of 2nd period - Icing by Lucas Wallmarkk.
15:40 of 2nd period - Karson Kuhlman wins face-off versus Erik Nystrom in Phantoms zone.
15:42 of 2nd period - Minor Penalty to Karson Kuhlman for Hooking.
15:43 of 2nd period - Nick Shore wins face-off versus Dominic Turgeon in Rocket zone.
17:42 of 2nd period - Penalty to Karson Kuhlman is over, Karson Kuhlman is back on ice.
18:17 of 2nd period - Snap shot by Karson Kuhlman.
18:17 of 2nd period - Shot Misses the Net.
18:19 of 2nd period - Slapshot by Andrey Pedan.
18:19 of 2nd period - Stopped by Zachary Fucale with a rebound.
18:23 of 2nd period - Snap shot by Karson Kuhlman.
18:23 of 2nd period - Shot Misses the Net.
18:44 of 2nd period - Cal Foote is hit by Karson Kuhlman and loses puck.
19:05 of 2nd period - Snap shot by Nick Sorensen.
19:05 of 2nd period - Shot Misses the Net.
19:07 of 2nd period - Snap shot by Lucas Wallmarkk.
19:07 of 2nd period - Deflect By Erik Nystrom.
19:07 of 2nd period - Goal by Erik Nystrom - Phantoms : 4 - Rocket : 5.
19:08 of 2nd period - Corey Trivino wins face-off versus Nick Shore in neutral zone.
19:19 of 2nd period - Snap shot by Adrian Kempe.
19:19 of 2nd period - Stopped by Zachary Fucale without a rebound.
19:20 of 2nd period - Nick Shore wins face-off versus Mason Appleton in Phantoms zone.
19:25 of 2nd period - Wrist shot by Michael Bournival.
19:25 of 2nd period - Shot Misses the Net.
19:51 of 2nd period - Wrist shot by Corey Trivino.
19:51 of 2nd period - Shot Misses the Net.
19:55 of 2nd period - Snap shot by Danton Heinen.
19:55 of 2nd period - Shot Misses the Net.
Goals for this period are 2 for Phantoms vs 5 for Rocket.
Shots for this period are 8 for Phantoms vs 20 for Rocket.
3rd period
0:01 of 3rd period - Nick Shore wins face-off versus Corey Trivino in neutral zone.
1:01 of 3rd period - Slapshot by Brendan Leipsic.
1:01 of 3rd period - Deflect By Cristoval Nieves.
1:01 of 3rd period - Shot Misses the Net.
1:01 of 3rd period - Puck is out of play.
1:02 of 3rd period - Adrian Kempe wins face-off versus Michael Bournival in Rocket zone.
1:49 of 3rd period - Jakub Vrana is hit by Mikko Lehtonen and loses puck.
1:56 of 3rd period - Wrist shot by Lucas Wallmarkk.
1:56 of 3rd period - Stopped by Igor Shesterkin without a rebound.
1:57 of 3rd period - Corey Trivino wins face-off versus Nick Shore in Rocket zone.
2:10 of 3rd period - Slapshot by Nick Shore.
2:10 of 3rd period - Shot Misses the Net.
2:45 of 3rd period - Wrist shot by Dominic Turgeon.
2:45 of 3rd period - Deflect By Ty Rattie.
2:45 of 3rd period - Shot Misses the Net.
2:45 of 3rd period - Puck is out of play.
2:46 of 3rd period - Dominic Turgeon wins face-off versus Nick Shore in Phantoms zone.
2:47 of 3rd period - Wrist shot by Jakub Vrana.
2:47 of 3rd period - Stopped by Zachary Fucale with a rebound.
2:49 of 3rd period - Slapshot by Andrei Mironov.
2:49 of 3rd period - Stopped by Zachary Fucale without a rebound.
2:50 of 3rd period - Nick Shore wins face-off versus Dominic Turgeon in Phantoms zone.
2:57 of 3rd period - Wrist shot by Michael Bournival.
2:57 of 3rd period - Stopped by Igor Shesterkin without a rebound.
2:58 of 3rd period - Corey Trivino wins face-off versus Nick Shore in Rocket zone.
2:58 of 3rd period - Corey Trivino is hit by Devon Teows.
3:17 of 3rd period - Minor Penalty to Nick Shore for Interference.
3:18 of 3rd period - Michael Bournival wins face-off versus Corey Trivino in Phantoms zone.
3:26 of 3rd period - Snap shot by Adam Fox.
3:26 of 3rd period - Deflect By Corey Trivino.
3:26 of 3rd period - Stopped by Zachary Fucale without a rebound.
3:27 of 3rd period - Michael Bournival wins face-off versus Corey Trivino in Phantoms zone.
3:32 of 3rd period - Slapshot by Devon Teows.
3:32 of 3rd period - Stopped by Igor Shesterkin without a rebound.
3:33 of 3rd period - Corey Trivino wins face-off versus Michael Bournival in Rocket zone.
3:40 of 3rd period - Wrist shot by Michael Bournival.
3:40 of 3rd period - Stopped by Igor Shesterkin with a rebound.
4:52 of 3rd period - Viktor Loov is hit by Reid McNeill and loses puck.
5:17 of 3rd period - Penalty to Nick Shore is over, Nick Shore is back on ice.
5:32 of 3rd period - Wrist shot by Lucas Wallmarkk.
5:32 of 3rd period - Stopped by Igor Shesterkin with a rebound.
5:44 of 3rd period - Wrist shot by Cristoval Nieves.
5:44 of 3rd period - Shot Misses the Net.
5:46 of 3rd period - Slapshot by Rinat Valiev.
5:46 of 3rd period - Shot Misses the Net.
5:58 of 3rd period - Snap shot by Adam Fox.
5:58 of 3rd period - Stopped by Zachary Fucale without a rebound.
5:59 of 3rd period - Nick Shore wins face-off versus Corey Trivino in Phantoms zone.
5:59 of 3rd period - Nick Shore is hit by Corey Trivino.
6:09 of 3rd period - Snap shot by Adrian Kempe.
6:09 of 3rd period - Stopped by Zachary Fucale with a rebound.
6:11 of 3rd period - Slapshot by Dylan DeMelo.
6:11 of 3rd period - Shot Blocked by Nick Shore.
6:13 of 3rd period - Slapshot by Danton Heinen.
6:13 of 3rd period - Stopped by Zachary Fucale without a rebound.
6:14 of 3rd period - Mason Appleton wins face-off versus Joe Snively in Phantoms zone.
6:19 of 3rd period - Wrist shot by Brandon Pirri.
6:19 of 3rd period - Shot Misses the Net.
6:23 of 3rd period - Wrist shot by Mason Appleton.
6:23 of 3rd period - Goal by Mason Appleton - Phantoms : 4 - Rocket : 6.
6:24 of 3rd period - Nick Shore wins face-off versus Corey Trivino in neutral zone.
6:33 of 3rd period - Wrist shot by Michael Bournival.
6:33 of 3rd period - Stopped by Igor Shesterkin with a rebound.
6:35 of 3rd period - Snap shot by Nick Shore.
6:35 of 3rd period - Stopped by Igor Shesterkin with a rebound.
7:29 of 3rd period - Jakub Vrana is hit by JC Lipon and loses puck.
7:52 of 3rd period - Slapshot by Nick Shore.
7:52 of 3rd period - Shot Blocked by Dean Kukan.
7:54 of 3rd period - Snap shot by Michael Bournival.
7:54 of 3rd period - Shot Blocked by Corey Trivino.
7:56 of 3rd period - Wrist shot by Nick Shore.
7:56 of 3rd period - Shot Misses the Net.
8:29 of 3rd period - Wrist shot by Lucas Wallmarkk.
8:29 of 3rd period - Stopped by Igor Shesterkin with a rebound.
8:51 of 3rd period - Icing by Ty Rattie.
8:52 of 3rd period - Dominic Turgeon wins face-off versus Nick Shore in Rocket zone.
9:02 of 3rd period - Snap shot by Jakub Vrana.
9:02 of 3rd period - Shot Blocked by Mikko Lehtonen.
9:04 of 3rd period - Wrist shot by Jakub Vrana.
9:04 of 3rd period - Stopped by Zachary Fucale with a rebound.
9:18 of 3rd period - Danton Heinen is hit by Morgan Klimchuk and loses puck.
9:25 of 3rd period - Mikko Lehtonen is hit by Corey Trivino and loses puck.
10:40 of 3rd period - Snap shot by Joe Snively.
10:40 of 3rd period - Shot Misses the Net.
11:05 of 3rd period - Lucas Wallmarkk is hit by Brandon Pirri and loses puck.
11:30 of 3rd period - Backhand shot by Dominic Turgeon.
11:30 of 3rd period - Deflect By Reid McNeill.
11:30 of 3rd period - Stopped by Zachary Fucale without a rebound.
11:31 of 3rd period - Corey Trivino wins face-off versus Joe Snively in Phantoms zone.
11:46 of 3rd period - Wrist shot by Joe Snively.
11:46 of 3rd period - Deflect By Morgan Klimchuk.
11:46 of 3rd period - Stopped by Igor Shesterkin with a rebound.
11:56 of 3rd period - Alex DeBrincat is hit by Scott Wilson.
12:20 of 3rd period - Slapshot by Andrei Mironov.
12:20 of 3rd period - Deflect By Jiri Sekac.
12:20 of 3rd period - Stopped by Zachary Fucale with a rebound.
12:22 of 3rd period - Slapshot by Adam Fox.
12:22 of 3rd period - Shot Blocked by Cal Foote.
12:24 of 3rd period - Wrist shot by Andrei Mironov.
12:24 of 3rd period - Stopped by Zachary Fucale with a rebound.
12:26 of 3rd period - Wrist shot by Jiri Sekac.
12:26 of 3rd period - Stopped by Zachary Fucale with a rebound.
12:44 of 3rd period - Wrist shot by Joe Snively.
12:44 of 3rd period - Stopped by Igor Shesterkin without a rebound.
12:45 of 3rd period - Joe Snively wins face-off versus Corey Trivino in Rocket zone.
12:48 of 3rd period - Snap shot by Morgan Klimchuk.
12:48 of 3rd period - Stopped by Igor Shesterkin with a rebound.
13:18 of 3rd period - Wrist shot by Alex DeBrincat.
13:18 of 3rd period - Stopped by Igor Shesterkin with a rebound.
15:03 of 3rd period - Nick Sorensen is hit by Viktor Loov and loses puck.
16:01 of 3rd period - Jakub Vrana is hit by Reid McNeill and loses puck.
16:10 of 3rd period - Snap shot by Sven Andrighetto.
16:10 of 3rd period - Shot Blocked by Andrei Mironov.
16:12 of 3rd period - Slapshot by Brenden Kichton.
16:12 of 3rd period - Stopped by Igor Shesterkin without a rebound.
16:13 of 3rd period - Karson Kuhlman wins face-off versus Lucas Wallmarkk in Rocket zone.
16:43 of 3rd period - Mikko Lehtonen is hit by Adam Fox and loses puck.
17:11 of 3rd period - Snap shot by Morgan Klimchuk.
17:11 of 3rd period - Goal by Morgan Klimchuk - Phantoms : 5 - Rocket : 6.
17:12 of 3rd period - Karson Kuhlman wins face-off versus Nick Shore in neutral zone.
17:17 of 3rd period - Icing by Michael Bournival.
17:18 of 3rd period - Karson Kuhlman wins face-off versus Nick Shore in Phantoms zone.
17:21 of 3rd period - Slapshot by Adam Fox.
17:21 of 3rd period - Deflect By Reid McNeill.
17:21 of 3rd period - Stopped by Zachary Fucale with a rebound.
17:33 of 3rd period - Jiri Sekac is hit by Alex DeBrincat and loses puck.
18:02 of 3rd period - Slapshot by Adam Fox.
18:02 of 3rd period - Deflect By Karson Kuhlman.
18:02 of 3rd period - Goal by Karson Kuhlman - Phantoms : 5 - Rocket : 7.
18:03 of 3rd period - Corey Trivino wins face-off versus Lucas Wallmarkk in neutral zone.
18:05 of 3rd period - Off-side.
18:06 of 3rd period - Corey Trivino wins face-off versus Lucas Wallmarkk in neutral zone.
18:14 of 3rd period - Minor Penalty to Andrey Pedan for Interference.
18:15 of 3rd period - Dominic Turgeon wins face-off versus Nick Shore in Rocket zone.
18:55 of 3rd period - Snap shot by Morgan Klimchuk.
18:55 of 3rd period - Shot Misses the Net.
Goals for this period are 1 for Phantoms vs 2 for Rocket.
Shots for this period are 14 for Phantoms vs 14 for Rocket.